 Dungeon Crawl Stone Soup version 0.24-a0-504-gcfb02b9d07 (webtiles) character file.

Game seed: 10937363135127836988

129 GordonOverkill the Firebug (level 4, 0/36 HPs)
             Began as a Demigod Fire Elementalist on July 16, 2019.
             Hit by a goblin thrown by Robin (2 damage)
             ... on level 3 of the Dungeon.
             The game lasted 00:08:02 (3030 turns).

GordonOverkill the Firebug (DgFE)                   Turns: 3030, Time: 00:08:03

Health: 0/36       AC:  3    Str:  9    XL:     4   Next: 58%
Magic:  4/10       EV: 12    Int: 21    God:
Gold:   173        SH:  5    Dex: 16    Spells: 2/8 levels left

rFire    . . .     SeeInvis .   o - +0 hunting sling
rCold    . . .     Gourm    .   d - +1 buckler {rPois}
rNeg     . . .     Faith    .   a - +1 robe
rPois    +         Spirit   .   (no helmet)
rElec    .         Reflect  .   (no cloak)
rCorr    .         Harm     .   (no gloves)
MR       .....                  (no boots)
Stlth    ++........             (no amulet)
HPRegen  0.12/turn              (no ring)
MPRegen  0.12/turn              (no ring)

@: no status effects
A: high mp 1, robust 1, weak 1
a: no special abilities


You were on level 3 of the Dungeon.
You were not hungry.

You visited 1 branch of the dungeon, and saw 3 of its levels.

You collected 173 gold pieces.

Inventory:

Hand Weapons
 e - a +0 dagger
 o - a +0 hunting sling (weapon)
Missiles
 b - 54 stones (quivered)
 i - 16 sling bullets
Armour
 a - a +1 robe (worn)
 d - a +1 buckler of poison resistance (worn)
Jewellery
 h - an uncursed amulet of faith {unknown}
 k - an uncursed ring of stealth {unknown}
 s - an uncursed ring of positive energy
Scrolls
 f - 2 scrolls of identify
 l - 3 scrolls of remove curse
Potions
 m - 2 potions of magic
Comestibles
 c - 2 rations
 j - 2 chunks of flesh


   Skills:
 - Level 2.0 Dodging
 - Level 2.0 Stealth
 + Level 1.5 Shields
 + Level 2.5 Spellcasting
 + Level 2.1 Conjurations
 + Level 3.4 Fire Magic


You had 2 spell levels left.
You knew the following spells:

 Your Spells              Type           Power        Failure   Level  Hunger
a - Flame Tongue          Conj/Fire      ##...        6%          1    None
b - Throw Flame           Conj/Fire      ##....       9%          2    ##.....
c - Conjure Flame         Conj/Fire      ##......     19%         3    ###....

Your spell library contained the following spells:

 Spells                   Type           Power        Failure   Level  Hunger
 Inner Flame              Hex/Fire       #.......     28%         3    ###....
 Sticky Flame             Conj/Fire      ##......     52%         4    ####...
 Fireball                 Conj/Fire      ##........   86%         5    ######.


Dungeon Overview and Level Annotations

Branches:
Dungeon (3/15)

Annotations:
D:3 Ijyb, Robin


Innate Abilities, Weirdness & Mutations

You have an increased reservoir of magic. (+10% MP)
You are robust. (+10% HP)
You are weak. (Str -2)


Message History

Casting: Flame Tongue (safe; 6% risk of failure)
Confirm with . or Enter, or press ? or * to list all spells.
Aiming: Flame Tongue (safe; 6% risk of failure)
Press: ? - help, Shift-Dir - straight line, f - goblin
Aim: a goblin, wielding a +0 club The flame tongue hits the goblin.
The goblin is moderately wounded.
You block the goblin's attack.
Robin roars a battlecry!
The goblins go into a battle-frenzy!
Casting: Flame Tongue (safe; 6% risk of failure)
Confirm with . or Enter, or press ? or * to list all spells.
Aiming: Flame Tongue (safe; 6% risk of failure)
Press: ? - help, Shift-Dir - straight line, f/p - goblin
Aim: a goblin, wielding a +0 club (moderately wounded, unusually strong)
The flame tongue hits the goblin.
The goblin is severely wounded.
A goblin comes into view.
Robin throws the goblin at you!
You die...

###.#...#
#...g...#
#.#.#...#
#.#g##### #.#g#
#.#.# #.#g# #.#.#
#######.#@#
........gg#
##############.###
........# #.#
.#....#.# #.#
.#.##.#.# #.#
.#.#..#.# #.#
.#.##.#.######.#
.#.##.#.....##.#


You could see Robin and 5 goblins.

Vanquished Creatures
  Jessica (D:2)
  3 adders
  2 oozes (D:1)
  A dart slug (D:1)
  An orc (D:3)
  8 bats
  4 giant cockroaches
  5 hobgoblins
  12 jackals
  6 kobolds
  A quokka (D:2)
  A ball python (D:1)
  2 frilled lizards
  9 goblins
  4 rats
60 creatures vanquished.

Notes
Turn   | Place    | Note
-------+----------+-------------------------------------------
     0 | D:1      | GordonOverkill the Demigod Fire Elementalist began the
                  | quest for the Orb.
     0 | D:1      | Reached XP level 1. HP: 14/14 MP: 5/5
   116 | D:1      | Reached skill level 1 in Conjurations
   455 | D:1      | Reached XP level 2. HP: 10/20 MP: 1/7
   937 | D:1      | Reached skill level 3 in Fire Magic
   995 | D:1      | Learned a level 2 spell: Throw Flame
  1029 | D:1      | Reached XP level 3. HP: 24/26 MP: 0/8
  1832 | D:2      | Noticed Jessica
  1833 | D:2      | Killed Jessica
  1833 | D:2      | Reached skill level 1 in Shields
  1917 | D:2      | Reached XP level 4. HP: 33/33 MP: 6/10
  2456 | D:2      | Learned a level 3 spell: Conjure Flame
  2470 | D:3      | Noticed Ijyb
  2981 | D:3      | Noticed Robin
  3014 | D:3      | Gained mutation: You are weak. (Str -2) [potion of
                  | mutation]
  3014 | D:3      | Gained mutation: You are robust. (+10% HP) [potion of
                  | mutation]
  3030 | D:3      | Hit by a goblin thrown by Robin

Levels and vault maps discovered:
D:1:      dpeg_arrival_three_same_balls, layout_loops_corners,
          minmay_pentomino_z2
D:2:      layout_rooms, corexii_item_surrounded_by_moat, uniq_jessica
D:3:      layout_basic, nicolae_ru_the_path_less_chosen, minmay_unequal,
          uniq_robin, uniq_terence, uniq_crazy_yiuf_cottage, uniq_ijyb

Skill      XL: |  1  2  3  4 |
---------------+-------------+-----
Conjurations   | 1 2 |  2.1
Stealth        | 2 |  2.0
Dodging        | 2 |  2.0
Spellcasting   | 2 |  2.5
Fire Magic     | 3 |  3.4
Shields        | 1 |  1.5

Action                   |  1- 3 |  4- 6 || total
-------------------------+-------+-------++-------
Melee: Dagger            |    12 |       ||    12
 Fire: Hunting sling     |       |    19 ||    19
Throw: Stone             |    42 |    11 ||    53
 Cast: Flame Tongue      |    65 |    45 ||   110
       Throw Flame       |     1 |     2 ||     3
  Use: Scroll            |     1 |     4 ||     5
       Potion            |       |     3 ||     3
  Eat: Chunk             |     4 |     3 ||     7
Armor: Robe              |     9 |     6 ||    15
Dodge: Dodged            |    31 |    11 ||    42
Block: Buckler           |    10 |     7 ||    17

Table legend:
 A = Non-vault XP
 B = Vault XP
 C = Vault XP percentage of total XP
 D = Non-vault monster count
 E = Vault monster count
 F = Vault count percentage of total count
                 A         B        C        D         E       F
            +---------+---------+-------+---------+---------+-------
      Total |     139 |      46 |  24.9 |      54 |       6 |  10.0
            +---------+---------+-------+---------+---------+-------
        D:1 |      61 |       3 |   4.7 |      28 |       2 |   6.7
        D:2 |      38 |      37 |  49.3 |      16 |       1 |   5.9
        D:3 |      40 |       6 |  13.0 |      10 |       3 |  23.1
            +---------+---------+-------+---------+---------+-------
